 Dungeon Crawl Stone Soup version 0.16.1-4-g8e1b745 (webtiles) character file.

7024 Ololoev the Gouger (level 10, -20/49 HPs)
             Began as a Felid Berserker on Mar 27, 2015.
             Was an Elder of Trog.
             Killed from afar by a deep elf knight (24 damage)
             ... with a shard of ice
             ... on level 1 of the Depths.
             The game lasted 00:14:01 (4600 turns).

Ololoev the Gouger (Felid Berserker)                Turns: 4600, Time: 00:14:01

Health: -20/49     AC:  2    Str: 15      XL:     10   Next: 82%
Magic:  0/17       EV: 29    Int:  7 (9)  God:    Trog [****..]
Gold:   219        SH:  0    Dex: 20      Spells: 0 memorised, 9 levels left
                                        Lives:  0   Deaths: 3

rFire  + . .     SeeInvis +       - Unarmed
rCold  . . .     Clarity  .     (armour unavailable)
rNeg   . . .     SustAb   .     (shield unavailable)
rPois  .         Gourm    .     (helmet unavailable)
rElec  .         Spirit   +     (cloak unavailable)
rCorr  .         Warding  .     (gloves unavailable)
rMut   .         Stasis   .     (boots unavailable)
MR     ++...     NoCast   +     i - amulet of guardian spirit
Stlth  +++.......               p - ring of Schyog {-Cast MR+ Dex+3 Stlth+}
                                h - ring of flight

@: very slightly contaminated, drained, quick, very resistant to hostile
enchantments, fairly stealthy
A: paw claws, no armour, no weapons or thrown items, fangs 3, see invisible,
breathe flames 1, carnivore 3, fire resistance 1, speed 1, shaggy fur 2, slow
metabolism 1, sharp paws
a: Burn Spellbooks, Berserk, Trog's Hand, Brothers in Arms, Renounce Religion,
Breathe Fire, Evoke Flight


You were on level 1 of the Depths.
You worshipped Trog.
Trog was greatly pleased with you.
You were not hungry.

You visited 2 branches of the dungeon, and saw 16 of its levels.

You collected 219 gold pieces.

Notes
Turn   | Place    | Note
--------------------------------------------------------------
     0 | D:1      | Ololoev, the Felid Berserker, began the quest for the Orb.
     0 | D:1      | Reached XP level 1. HP: 10/10 MP: 2/2
   229 | D:2      | Reached XP level 2. HP: 8/14 MP: 3/3
   231 | D:2      | Found a bloodstained altar of Trog.
   385 | D:2      | Acquired Trog's second power
   603 | D:3      | Reached XP level 3. HP: 17/17 MP: 5/5
   680 | D:4      | Reached XP level 4. HP: 21/21 MP: 5/7
   747 | D:5      | Entered Level 5 of the Dungeon
   808 | D:5      | Noticed a water moccasin
   810 | D:5      | Noticed an ogre
   817 | D:5      | Killed a water moccasin
   817 | D:5      | Reached skill level 5 in Dodging
   817 | D:5      | Reached skill level 5 in Unarmed Combat
   817 | D:5      | Reached XP level 5. HP: 25/25 MP: 8/8
   826 | D:5      | Killed an ogre
   826 | D:5      | Gained mutation: You are covered in thick fur (AC +2). [growing up]
   826 | D:5      | Reached XP level 6. HP: 13/28 MP: 5/10
  1137 | D:6      | Reached skill level 6 in Dodging
  1144 | D:6      | Found a staircase to the Ecumenical Temple.
  1160 | D:6      | Reached XP level 7. HP: 27/32 MP: 9/12
  1326 | D:6      | Found a deep blue altar of Sif Muna.
  1368 | D:7      | Found a bloodstained altar of Trog.
  1414 | D:7      | Gained mutation: You can breathe flames. [mutagenic meat]
  1594 | D:7      | Reached skill level 5 in Fighting
  1841 | D:8      | Noticed a two-headed ogre
  1846 | D:8      | Reached skill level 7 in Unarmed Combat
  1855 | D:8      | Reached XP level 8. HP: 35/35 MP: 9/13
  1859 | D:8      | Killed a two-headed ogre
  2010 | D:8      | Reached skill level 8 in Unarmed Combat
  2020 | D:8      | Got a sparkling turquoise ring
  2021 | D:8      | Identified the ring of Schyog {-Cast MR+ Dex+3 Stlth+} (You found it on level 8 of the Dungeon)
  2107 | D:9      | Noticed a two-headed ogre
  2123 | D:9      | Killed a two-headed ogre
  2131 | D:9      | HP: 1/36 [ice beast (4)]
  2131 | D:9      | Slain by a kobold
  2132 | D:9      | Reached XP level 7. HP: -2/32 MP: 0/12
  2139 | D:10     | Entered Level 10 of the Dungeon
  2334 | D:10     | Reached skill level 9 in Unarmed Combat
  2334 | D:10     | Reached XP level 8. HP: 39/39 MP: 10/13
  2343 | D:10     | Gained mutation: Your flesh is heat resistant. [potion of beneficial mutation]
  2405 | D:10     | Noticed a troll
  2412 | D:10     | Killed a troll
  2444 | D:11     | Noticed a centaur zombie
  2466 | D:11     | Killed a centaur zombie
  2534 | D:11     | Acquired Trog's third power
  2543 | D:11     | Reached skill level 10 in Unarmed Combat
  2543 | D:11     | Reached XP level 9. HP: 43/43 MP: 15/15
  2666 | D:12     | Noticed a komodo dragon
  2672 | D:12     | Killed a komodo dragon
  2730 | D:13     | Noticed a purple ugly thing
  2751 | D:13     | Reached skill level 10 in Dodging
  2767 | D:13     | Slain by a purple ugly thing
  2768 | D:13     | Reached XP level 8. HP: -1/40 MP: 0/13
  3000 | D:15     | Entered Level 15 of the Dungeon
  3027 | D:15     | Noticed a salamander
  3041 | D:15     | Noticed a manticore
  3041 | D:15     | a salamander changed into a manticore
  3043 | D:15     | Reached skill level 11 in Unarmed Combat
  3043 | D:15     | Reached XP level 9. HP: 44/44 MP: 8/15
  3048 | D:15     | Killed a manticore
  3050 | D:15     | HP: 1/44 [hell hound/blast of flame[Azrael] (7)]
  3227 | D:15     | Noticed a centaur warrior
  3236 | D:15     | Found a shattered altar of Ashenzari.
  3237 | D:15     | Noticed a troll
  3238 | D:15     | Noticed an orc knight
  3249 | D:15     | Killed a troll
  3255 | D:15     | Killed an orc knight
  3314 | D:15     | Killed a centaur warrior
  3314 | D:15     | Reached XP level 10. HP: 16/49 MP: 0/17
  3323 | D:15     | Mangled by a hornet zombie
  3324 | D:15     | Reached XP level 9. HP: -13/45 MP: 0/15
  3337 | D:15     | Reached skill level 12 in Unarmed Combat
  3345 | D:15     | Noticed Azrael
  3359 | D:15     | Killed Azrael
  3846 | D:15     | Noticed a cyclops
  3867 | D:15     | Killed a cyclops
  3867 | D:15     | Reached XP level 10. HP: 39/49 MP: 7/17
  3900 | D:15     | Noticed a gargoyle
  3958 | D:15     | Killed a gargoyle
  4138 | D:15     | Noticed Josephine
  4150 | D:15     | Killed Josephine
  4236 | D:15     | Noticed an unseen horror
  4257 | D:15     | Killed an unseen horror
  4408 | D:15     | Noticed a cyclops
  4440 | D:15     | Killed a cyclops
  4485 | D:15     | Noticed a centaur warrior
  4517 | D:15     | Found a staircase to the Depths.
  4517 | D:15     | Noticed a yaktaur captain
  4525 | D:15     | Killed a yaktaur captain
  4525 | D:15     | Reached skill level 13 in Unarmed Combat
  4561 | Depths:1 | Entered Level 1 of the Depths
  4570 | Depths:1 | Noticed Sojobo
  4570 | Depths:1 | Noticed a tengu reaver
  4570 | Depths:1 | Noticed a tengu reaver
  4570 | Depths:1 | Noticed an ogre mage
  4580 | Depths:1 | Noticed a centaur warrior
  4584 | Depths:1 | Noticed Asterion
  4587 | Depths:1 | Noticed a spectral weapon
  4595 | Depths:1 | Noticed a deep elf knight
  4600 | Depths:1 | Killed from afar by a deep elf knight

Inventory:

Jewellery
 h - a ring of flight (left paw)
 i - an amulet of guardian spirit (around neck)
 p - the ring of Schyog (right paw) {-Cast MR+ Dex+3 Stlth+}
   (You found it on level 8 of the Dungeon)

   [ring of stealth]

   It affects your dexterity (+3).
   It affects your resistance to hostile enchantments.
   It prevents spellcasting.
   It makes you more stealthy.
Magical devices
 e - a wand of frost (26)
 n - a wand of confusion (6)
Scrolls
 b - a scroll of silence
 l - 3 scrolls of recharging
Potions
 d - a potion of brilliance

Table legend:
 A = Turns spent in this place as a percentage of turns spent in the entire game.
 B = Non-inter-level travel turns spent in this place as a percentage of non-inter-level travel turns spent in the entire game.
 C = Inter-level travel turns spent in this place as a percentage of turns spent in this place.
 D = Turns resting spent in this place as a percentage of non-inter-level travel turns spent in this place.
 E = Turns spent auto-exploring this place as a percentage of non-inter-level travel turns spent in this place.
 F = Non-inter-level travel turns spent in this place divided by the number of levels of this place that you've seen.
                   A       B       C       D       E      F
               +-------+-------+-------+-------+-------+----------------------
         Total | 100.0 | 100.0 |   0.4 |   6.0 |   6.0 | 142.2
       Dungeon |  98.6 |  98.5 |   0.4 |   6.1 |   6.0 | 149.5
        Depths |   1.4 |   1.5 |   0.0 |   0.0 |   3.0 |  33.0
               +-------+-------+-------+-------+-------+----------------------


   Skills:
 + Level 9.6(8.7) Fighting
 + Level 12.4(11.5) Dodging
 * Level 13.1(12.2) Unarmed Combat


You had 9 spell levels left.
You didn't know any spells.

Dungeon Overview and Level Annotations

Branches:
Dungeon (15/15)            Temple (0/1) D:6          Depths (1/5) D:15
   Lair: D:8-11         Orc: D:9-12      Vaults: D:13-14

Altars:
Ashenzari
Sif Muna
Trog

Annotations:
Depths:1 Asterion, Sojobo


Innate Abilities, Weirdness & Mutations

You cannot wear armour.
You are incapable of wielding weapons or throwing items.
You have razor-sharp teeth.
You have supernaturally acute eyesight.
You are carnivorous and can eat meat at any time.
You cover ground quickly.
You are covered in thick fur (AC +2).
You have a slow metabolism.
Your paws have sharp claws that are effective at stabbing.
You can breathe flames.
Your flesh is heat resistant.


Message History

You found a teleport trap!
Really walk into that teleport trap?
You enter a teleport trap!
The teleport trap disappears.
Your surroundings suddenly seem different.
Asterion the Fallen King comes into view.
He is wielding a demon trident of flaming.
Found 12 stones and a war axe.
Use which ability? (? or * to list)
You fail to use your ability.
Asterion conjures a destructive force in the name of Makhleb!
The bolt of fire misses you.
Use which ability? (? or * to list)
You fail to use your ability.
Asterion casts a spell.
Asterion draws out his weapon's spirit!
A spectral weapon comes into view.
Use which ability? (? or * to list)
You fail to use your ability.
Asterion conjures a destructive force in the name of Makhleb!
The bolt of negative energy hits you!
You feel drained.
Ouch! That really hurt!
Use which ability? (? or * to list)
You fail to use your ability.
Asterion hits you from afar with a demon trident of flaming!!
Asterion burns you. The spectral weapon barely misses you.
Unknown command. 2 orcs come into view.
The orc shouts!
An orc comes into view. It is wielding a flail.
Use which ability? (? or * to list)
You fail to use your ability.
The orc moves out of view.
Asterion misses you.
The orc shouts!
The spectral weapon completely misses you.
A deep elf knight comes into view. It is wielding a short sword.
The deep elf knight shouts!
The deep elf knight completely misses you.
The orc throws a tomahawk.
The tomahawk misses you.
The deep elf knight casts a spell at you.
The shard of ice hits you!
You die...

#....#...(#...#
#......#..#..#.#
#.o......#.....##
#.#.#.#.#.o.....#
#.o)....#.H(..#
##.#..#.o#....#
##.#.....#...#
##..#.....e.#
##........@#
###.......(.......
###############


You could see Asterion, a deep elf knight, a spectral demon trident of flaming
and 2 orcs.

Table legend:
 A = Kills in this place as a percentage of kills in entire the game.
 B = Kills by you in this place as a percentage of kills by you in the entire game.
 C = Kills by friends in this place as a percentage of kills by friends in the entire game.
 D = Other kills in this place as a percentage of other kills in the entire game.
 E = Experience gained in this place as a percentage of experience gained in the entire game.
 F = Experience gained in this place divided by the number of levels of this place that you have seen.
                   A       B       C       D       E      F
               +-------+-------+-------+-------+-------+----------------------
         Total | 100.0 | 100.0 | 100.0 | 100.0 | 100.0 | 1021.1
       Dungeon | 100.0 | 100.0 | 100.0 | 100.0 | 100.0 | 1089.1
               +-------+-------+-------+-------+-------+----------------------

Vanquished Creatures
  Azrael (D:15)
  A yaktaur captain (D:15)
  A centaur warrior (D:15)
  An unseen horror (D:15)
  An orc knight (D:15)
  2 cyclopes (D:15)
  A gargoyle (D:15)
  A komodo dragon (D:12)
  3 trolls
  A hornet zombie (D:15)
  2 two-headed ogres
  3 wraiths (D:15)
  A shadow (D:15)
  A wyvern (D:11)
  4 yaks (D:13)
  A hungry ghost (D:8)
  A sky beast (D:7)
  2 water moccasins
  3 orc warriors
  2 hell hounds (D:15)
  2 wasps (D:15)
  2 ogres
  2 ice beasts
  An eye of draining (D:15)
  A centaur (D:7)
  2 necrophages
  A brain worm (D:15)
  2 giant frogs
  A wyvern skeleton (D:13)
  6 killer bees
  4 wights (D:10)
  2 centaur zombies
  A hound (D:6)
  A giant frog zombie (D:8)
  3 crimson imps
  2 giant frog skeletons
  2 iguanas
  3 orc wizards
  5 worker ants
  4 sheep (D:15)
  2 adders
  2 shadow imps
  A giant mite (D:7)
  A worm (D:4)
  An adder skeleton (D:8)
  An ooze (D:3)
  12 orcs
  4 bats
  A bat skeleton (D:5)
  A bat zombie (D:7)
  5 goblins
  6 hobgoblins
  4 jackals (D:8)
  8 kobolds
  A giant gecko (D:7)
  An orc skeleton (D:11)
  4 rats
135 creatures vanquished.

Vanquished Creatures (collateral kills)
  Josephine (D:15)
  A manticore (shapeshifter) (D:15)
  2 wraiths (D:15)
  2 hell hounds (D:15)
6 creatures vanquished.

Vanquished Creatures (others)
  An ogre (D:13)
1 creature vanquished.

Grand Total: 142 creatures vanquished

Action                   |  1- 3 |  4- 6 |  7- 9 | 10-12 || total
-------------------------+-------+-------+-------+-------++-------
Melee: Unarmed           |    57 |    60 |   349 |    64 ||   530
Invok: Berserk           |     2 |     1 |    14 |     5 ||    22
       Trog's Hand       |       |       |     5 |     2 ||     7
       Brothers in Arms  |       |       |     2 |     1 ||     3
Evoke: Wand              |       |       |     5 |       ||     5
  Use: Scroll            |       |       |    10 |     1 ||    11
       Potion            |       |       |    11 |       ||    11
 Stab: Sleeping          |       |       |     1 |       ||     1
  Eat: Chunk             |       |     1 |     1 |     4 ||     6
       Meat ration       |       |     1 |     3 |     1 ||     5
       Pizza             |       |     1 |       |       ||     1
       Beef jerky        |       |       |     2 |       ||     2

Vault maps used:
D:1:      minmay_arrival_four_loops
D:2:      first_bread, serial_park_tiny_pond, trog_three_pillars_becter
D:3:      hangedman_decor_points, minmay_misc_feat_square
D:5:      kennysheep_mini, gammafunk_temple_overflow_pools
D:6:      lemuel_blue_sif_altar, minmay_temple_entry_junction,
          grunt_dithmenos_shadows, uniq_grinder
D:7:      old_standard_altar
D:8:      uniq_joseph
D:9:      nicolae_overflow_hidden_temple, due_lair_maze_entry_diamond,
          serial_glass, glass_columns_b, glass_columns_b
D:10:     grunt_ogre_cave, spider_trap, nemelex_deck, uniq_maurice,
          uniq_nergalle
D:11:     zombieorc1_lemuel, nicolae_gozag_seed_capital, uniq_urug, uniq_harold,
          uniq_gastronok
D:12:     serial_shops, nicolae_shop_crystal, uniq_sonja
D:13:     cheibrodos_stairvault_heist, david_vaults_2, basic_altar
D:14:     corexii_hall_statues_deadend, serial_shops,
          nicolae_shop_window_shopping, grunt_decor_mini_mirrors
D:15:     grunt_enter_depths_snipers, evilmike_ruin_ashenzari,
          small_statue_alley_a, uniq_josephine, uniq_azrael
Depths:1: hellmouth_1, hangedman_decor_opposing, abyss_entry_small_statue_room,
          kennysheep_generic_room_7, uniq_wiglaf, uniq_asterion, uniq_jorgrun,
          uniq_saint_roka, uniq_sojobo
